 Dungeon Crawl Stone Soup version 0.31-a0-233-g139696dc86 (webtiles) character file.

Game seed: 15739210409877546359

16813 olmar the Protected (level 12, -3/106 (110) HPs)
             Began as an Armataur Fighter on July 8, 2023.
             Was an Initiate of Gozag.
             Slain by a two-headed ogre
             ... wielding a +0 giant club
              (16 damage)
             ... on level 2 of the Orcish Mines.
             The game lasted 00:26:04 (17698 turns).

olmar the Protected (Armataur Fighter)             Turns: 17698, Time: 00:26:04

HP:   -3/106 (110)  AC: 15    Str: 26    XL:     12   Next: 13%
MP:   12/12         EV:  7    Int:  9    God:    Gozag
Gold: 748           SH:  0    Dex: 10    Spells: 11/11 levels left

rFire   . . .        J - +0 dire flail (drain)
rCold   + . .        (shield currently unavailable)
rNeg    . . .        n - +0 chain mail
rPois   .            d - +0 helmet
rElec   .            i - scarf {repulsion}
rCorr   .            z - +0 pair of gloves
SInv    .            (no barding)
Will    +....        (no amulet) Stlth
                     r - ring of protection from cold
HPRegen 0.37/turn    (no ring)
MPRegen 0.13/turn

%: repel missiles, roll
@: gold aura, enlightened, flying, hasted, lightly drained, very quick
A: large, rugged brown scales 3, deformed body, armoured tail, roll, long
tongue, awkward tongue
a: Renounce Religion, Potion Petition, Call Merchant, Bribe Branch


You were on level 2 of the Orcish Mines.
You worshipped Gozag.
Gozag was pleased with you.
You visited 4 branches of the dungeon, and saw 15 of its levels.

You collected 2639 gold pieces.
You spent 770 gold pieces at shops.
You paid 1121 gold pieces to Gozag.

Inventory:

Hand Weapons
 a - a +0 flail
 C - a +1 mace of protection
 J - a +0 dire flail of draining (weapon)
Missiles
 q - 10 boomerangs
 s - a poisoned dart (quivered)
 y - an atropa-tipped dart
Armour
 b - a +0 scale mail
 c - a +0 buckler
 d - a +0 helmet (worn)
 g - a +0 cloak
 i - a scarf of repulsion (worn)
 n - a +0 chain mail (worn)
 x - a +0 plate armour
 z - a +0 pair of gloves (worn)
Jewellery
 j - an amulet of faith
 r - a ring of protection from cold (left hand)
Wands
 H - a wand of digging (2)
Scrolls
 e - 5 scrolls of teleportation
 f - 6 scrolls of immolation
 h - 3 scrolls of silence
 k - a scroll of brand weapon
 m - 2 scrolls of fear
 o - 2 scrolls of blinking
 u - 4 scrolls of fog
 v - a scroll of enchant armour
 F - a scroll of torment
 G - a scroll of summoning
 I - a scroll of vulnerability
Potions
 l - a potion of mutation
 p - a potion of brilliance
 t - 3 potions of degeneration


   Skills:
 + Level 8.6 Fighting
 + Level 12.4 Maces & Flails
 + Level 13.4 Armour
 - Level 6.6 Shields
 - Level 0.2 Evocations


You had 11 spell levels left.
You didn't know any spells.
Your spell library contained the following spells:

 Spells                   Type           Power      Damage    Failure   Level
 Sting                    Tmut/Pois      0%         1d3       80%         1
 Lesser Beckoning         Tloc           0%         N/A       90%         2
 Poisonous Vapours        Pois/Air       0%         N/A       90%         2
 Static Discharge         Conj/Air       0%         2-2/arc   90%         2
 Gell's Gravitas          Tloc           0%         N/A       99%         3
 Ignite Poison            Fire/Tmut/Pois 0%         N/A       99%         3
 Teleport Other           Tloc           0%         N/A       99%         3
 Vhi's Electric Charge    Tloc/Air       0%         N/A       99%         3
 Airstrike                Air            0%         2d(0-16)  100%        4
 Olgreb's Toxic Radiance  Pois           0%         N/A       100%        4
 Sticky Flame             Conj/Fire      0%         2d3       100%        4
 Summon Lightning Spire   Summ/Air       0%         N/A       100%        4
 Arcjolt                  Conj/Air       0%         1d10      100%        5
 Plasma Beam              Fire/Air       0%         2x1d10    100%        6
 Ignition                 Fire           0%         3d3       100%        8


Dungeon Overview and Level Annotations

Branches:
Dungeon (11/15)            Temple (1/1) D:7            Lair (1/5) D:10
    Orc (2/2) D:10
    Elf: Orc:2

Altars:
Ashenzari
Cheibriados
Dithmenos
Elyvilon
Fedhas
Gozag
Hepliaklqana
Makhleb
Nemelex Xobeh
Okawaru
Qazlal
Ru
Sif Muna
Trog
Uskayaw
Vehumet
Wu Jian
Xom
Yredelemnul
Zin
The Shining One

Shops:
D:1 [   D:2 :   D:4 =


Innate Abilities, Weirdness & Mutations

You are completely covered in rugged brown scales. (AC +3, +7% HP)
Armour fits poorly on your strangely shaped body.
You have a long armoured tail.
You roll when moving toward enemies. (Rampage)
Your long tongue fully drains potion bottles. (2x potion effects)
Your tongue gives you trouble enunciating. (1.5x scroll delay)


Message History

Unknown command.
Unknown command.
Really read the scroll of poison?
The air fills with toxic fumes!
As you slowly read the scroll of poison, it crumbles to dust.
Your ogre hits the orc priest with a +0 giant spiked club!!
The orc priest dies!
Your troll bites the two-headed ogre.
Your troll claws the two-headed ogre.
Your troll barely misses the two-headed ogre.
Your warg bites the two-headed ogre!
The orc priest casts a cantrip, but nothing happens.
Something hits you but does no damage.
The two-headed ogre hits you with a +0 giant club!!
* * * LOW HITPOINT WARNING * * *
The two-headed ogre hits you with a +0 giant spiked club!!
* * * LOW HITPOINT WARNING * * *
The orc warrior shoots an arrow.
The arrow barely misses you.
Your troll bites the two-headed ogre!
Your troll claws the two-headed ogre! x2
Your warg bites the two-headed ogre.
Something hits you but does no damage.
A two-headed ogre comes into view.
It is wielding a +0 giant club and a +0 giant spiked club.
Unknown command.
Unknown command.
Unknown command. [a] - 520 gold - haste, enlightenment, curing and magic [b] - 324 gold - invisibility and might [c] - 504 gold - might, brilliance, lignification and resistance Purchase which effect?
You no longer have enough gold to fund merchants seeking to open stores in the dungeon.
You feel yourself speed up.
You feel very buoyant.
You fly up into the air.
You feel better. Magic courses through your body.
The orc warrior shoots an arrow.
Reactivating autopickup.
Your ogre hits the two-headed ogre with a +0 giant spiked club!!
The two-headed ogre dies!
The two-headed ogre is engulfed in poison gas.
The two-headed ogre is poisoned.
The two-headed ogre hits you with a +0 giant club!
You die...
Your body crumbles into a pile of gold.

...##....o.........
..
....§§§§§§O§§§§§§§.
#.
...§.§§§§§§§§§§.§§.
.(
...§§#§§§§§§§§§O§§.
#o
...§§§§§§o§§§§§§§§.
..
...§§§§§§§§§§§O§§§.
#.
...§§§§§§.$§o§§§§§.
..
...§§§§§§OhOo§§§§§.
..
...§§§§§§T@$§#.....
..
...§§§§§§#§§§§§§§§.
..
...§§§§§#§§§§§§§§§#
..
..#§##§###§###§§§##
.. #### ## ### ####
##


You could see 3 two-headed ogres, an orc warrior, an ogre, an orc priest, an
orc, a friendly troll (summoned), a friendly warg (summoned) and a friendly ogre
(summoned).

Vanquished Creatures
  An ogre mage (Orc:1)
  2 two-headed ogres
  A cyclops (D:11)
  3 elephants (Lair:1)
  A black mamba (Lair:1)
  3 cane toads (Lair:1)
  A torpor snail (Lair:1)
  A rime drake (Lair:1)
  An unseen horror (D:11)
  3 trolls
  2 vampires
  A wyvern (Lair:1)
  Sigmund (D:6)
  A wraith (D:11)
  23 yaks
  4 hogs (D:8)
  3 steam dragons
  A human (D:8)
  A warg (Orc:1)
  3 acid dragons
  3 water moccasins
  9 orc warriors
  A black bear (D:8)
  4 ice beasts
  5 ogres
  3 centaurs (D:10)
  A kobold brigand (D:10)
  2 phantoms
  Blork the orc (D:6)
  5 bullfrogs
  A gnoll sergeant (D:4)
  3 scorpions
  7 wights (D:8)
  3 vampire bats (D:7)
  3 howler monkeys (D:10)
  3 hounds
  4 gnoll boudas
  7 orc priests
  3 jellies
  3 iguanas
  A sleepcap (D:7)
  Ijyb (D:4)
  15 orc wizards
  25 gnolls
  8 adders
  2 shadow imps
  3 white imps
  An ufetubus (D:7)
  3 worms
  2 dart slugs (D:4)
  47 orcs
  7 ball pythons
  13 bats
  6 endoplasms
  3 giant cockroaches
  6 goblins
  11 hobgoblins
  2 quokkas
  6 frilled lizards
  11 kobolds
  7 rats
308 creatures vanquished.

Vanquished Creatures (collateral kills)
  A two-headed ogre (Orc:2)
  A yak (Lair:1)
  2 ogres (Orc:2)
  An orc priest (Orc:2)
  2 gnolls (D:8)
7 creatures vanquished.

Vanquished Creatures (others)
  A two-headed ogre (Orc:2)
  A yak (D:9)
  A bullfrog (Lair:1)
  An orc wizard (Orc:2)
  2 orcs
6 creatures vanquished.

Grand Total: 321 creatures vanquished

Notes
Turn   | Place    | Note
-------+----------+-------------------------------------------
     0 | D:1      | olmar the Armataur Fighter began the quest for the Orb.
     0 | D:1      | Reached XP level 1. HP: 19/19 MP: 1/1
   154 | D:1      | Reached XP level 2. HP: 20/26 MP: 2/2
   325 | D:1      | Found Lapnolat's Antique Armour Emporium.
   434 | D:1      | Reached skill level 4 in Armour
   557 | D:1      | Reached XP level 3. HP: 33/33 MP: 3/3
   880 | D:2      | Found Zijadin's Book Emporium.
   950 | D:2      | Found a faded altar of an unknown god.
  1252 | D:1      | Reached XP level 4. HP: 34/40 MP: 4/4
  1900 | D:3      | Found a shimmering blue altar of Sif Muna.
  2004 | D:3      | Reached XP level 5. HP: 48/48 MP: 5/5
  2482 | D:3      | Found a glowing golden altar of the Shining One.
  2493 | D:3      | Found a hide-covered altar of Uskayaw.
  2500 | D:3      | Found a sparkling altar of Nemelex Xobeh.
  2501 | D:3      | Found a broken altar of Ashenzari.
  2501 | D:3      | Found a bloodstained altar of Trog.
  2503 | D:3      | Found a stormy altar of Qazlal.
  2506 | D:3      | Found a radiant altar of Vehumet.
  2510 | D:3      | Found a burning altar of Makhleb.
  2826 | D:4      | Noticed Ijyb
  2835 | D:4      | Killed Ijyb
  2922 | D:4      | Reached skill level 5 in Armour
  3097 | D:4      | Found Harrah's Jewellery Shop.
  3099 | D:4      | Reached XP level 6. HP: 54/54 MP: 6/6
  3561 | D:3      | HP: 1/54 [gnoll/+0 flail[a gnoll sergeant] (2)]
  4039 | D:4      | Found a glowing silver altar of Zin.
  4186 | D:5      | Entered Level 5 of the Dungeon
  4233 | D:5      | Noticed an ice beast
  4239 | D:5      | Killed an ice beast
  4455 | D:5      | Noticed a water moccasin
  4470 | D:5      | Killed a water moccasin
  4471 | D:5      | Reached skill level 6 in Armour
  4471 | D:5      | Reached XP level 7. HP: 20/62 MP: 7/7
  4512 | D:5      | Reached skill level 5 in Maces & Flails
  5357 | D:5      | Reached XP level 8. HP: 44/71 MP: 8/8
  5854 | D:6      | Reached skill level 7 in Armour
  6277 | D:6      | Noticed Blork the orc
  7176 | D:6      | Noticed Sigmund
  7182 | D:6      | Killed Sigmund
  7206 | D:6      | Reached skill level 8 in Armour
  8061 | D:6      | Killed Blork the orc
  8062 | D:6      | Reached skill level 5 in Fighting
  8164 | D:7      | Reached XP level 9. HP: 78/79 MP: 9/9
  8167 | D:7      | Reached skill level 5 in Shields
  8186 | D:7      | Found the +5 robe of Misfortune {Harm *Corrode *Slow EV+5}
  8238 | D:7      | Reached skill level 9 in Armour
  8522 | D:7      | Found a staircase to the Ecumenical Temple.
  8530 | Temple   | Entered the Ecumenical Temple
  8543 | Temple   | Became a worshipper of Gozag Ym Sagoz the Greedy
  8609 | D:7      | Found a basalt altar of Yredelemnul.
  9045 | D:7      | Noticed a boulder beetle
 10169 | D:8      | Reached skill level 10 in Armour
 10252 | D:8      | Reached XP level 10. HP: 70/88 MP: 10/10
 11278 | D:8      | Reached skill level 11 in Armour
 11950 | D:9      | Reached skill level 10 in Maces & Flails
 12029 | D:9      | Found a shadowy altar of Dithmenos.
 12439 | D:9      | Found Rojuargh's Magic Scroll Emporium.
 12851 | D:9      | Bought a scroll of poison for 56 gold pieces
 12851 | D:9      | Bought a scroll of torment for 133 gold pieces
 12851 | D:9      | Bought a scroll of identify for 28 gold pieces
 12851 | D:9      | Bought 2 scrolls of teleportation for 84 gold pieces
 12851 | D:9      | Bought a scroll of summoning for 133 gold pieces
 12851 | D:9      | Bought a scroll of fear for 56 gold pieces
 12851 | D:9      | Bought a scroll of teleportation for 42 gold pieces
 12851 | D:9      | Bought a scroll of blinking for 105 gold pieces
 12851 | D:9      | Bought a scroll of summoning for 133 gold pieces
 12863 | D:10     | Entered Level 10 of the Dungeon
 12894 | D:10     | Reached XP level 11. HP: 95/98 MP: 11/11
 13625 | D:10     | Found a staircase to the Lair.
 13630 | D:10     | Found a staircase to the Orcish Mines.
 13645 | D:11     | Noticed a two-headed ogre
 13654 | D:11     | Killed a two-headed ogre
 13655 | D:11     | Reached skill level 12 in Armour
 14533 | D:11     | Noticed a boulder beetle
 14554 | D:11     | Noticed a boulder beetle
 15016 | Lair:1   | Entered Level 1 of the Lair of Beasts
 15299 | Lair:1   | Noticed a death yak
 15667 | Orc:1    | Entered Level 1 of the Orcish Mines
 16141 | Lair:1   | Noticed a death yak
 16243 | Lair:1   | Reached skill level 13 in Armour
 17111 | Orc:1    | Reached XP level 12. HP: 110/110 MP: 12/12
 17323 | Orc:2    | Entered Level 2 of the Orcish Mines
 17359 | Orc:2    | Noticed a two-headed ogre
 17361 | Orc:2    | Noticed an ogre mage
 17362 | Orc:2    | Noticed a two-headed ogre
 17362 | Orc:2    | Noticed an ogre mage
 17363 | Orc:2    | Noticed a two-headed ogre
 17364 | Orc:2    | Noticed a two-headed ogre
 17365 | Orc:2    | Noticed a two-headed ogre
 17367 | Orc:2    | Noticed an ogre mage
 17368 | Orc:2    | Noticed a two-headed ogre
 17383 | Orc:1    | Killed a two-headed ogre
 17393 | Orc:1    | Killed an ogre mage
 17689 | Orc:2    | Noticed a two-headed ogre
 17693 | Orc:2    | Noticed a two-headed ogre
 17697 | Orc:2    | HP: 2/106 [two-headed ogre/+0 giant club (24)]
 17698 | Orc:2    | Noticed a two-headed ogre
 17698 | Orc:2    | Killed a two-headed ogre
 17698 | Orc:2    | Slain by a two-headed ogre

Illustrated notes

Levels and vault maps discovered:
D:1:      elethiomel_arrival_shortcut, layout_basic, serial_shops, shop,
          minmay_hexomino_u4
D:2:      layout_loops_ring, ebering_ecumenical_altar_petrified, serial_shops,
          shop
D:3:      layout_basic, led_sif_pool, minitemple, minmay_misc_feat_nine_boxes,
          minmay_misc_feat_ornament
D:4:      layout_cave_pools, zin_treasury, serial_shops,
          nicolae_shop_advertising_works [nicolae_subvault_shop_adworks],
          minmay_misc_feat_hallway, minmay_misc_feat_square, uniq_ijyb
D:5:      layout_loops_corners, minmay_misc_feat_columns, eino_tiny_chamber
D:6:      layout_rooms, uniq_sigmund, uniq_blork_the_orc
D:7:      layout_basic, mainiacjoe_overflow_small_starburst,
          minmay_temple_entry_offerings, roderic_batcave, minivault_19
D:8:      layout_loops_cross, grunt_livestock
D:9:      layout_loops_ring, mainiacjoe_overflow_tiny_flanked, serial_shops,
          shop, nicolae_nh_ransacked_shop
D:10:     layout_roguey, lair_entry_dummy, orc_0_dummy, kennysheep_small_circle
D:11:     layout_basic
Temple:   nicolae_temple_ecumenical_triangle
Lair:1:   layout_chaotic_city
Orc:1:    layout_diamond_mine, basic_altar
Orc:2:    st_orc_ogre_mass, layout_caves, enter_volcano_1, uniq_urug

Skill      XL: |  1  2  3  4  5  6  7  8  9 10 11 |
---------------+----------------------------------+-----
Fighting       | 3 4 5 6 7 8 |  8.6
Maces & Flails | 2 3 4 6 7 8 10 12 | 12.4
Armour         | 4 5 6 8 10 11 13 | 13.4
Shields        | 4 5 6 |  6.6
Evocations     | |  0.2

Action                     |  1- 3 |  4- 6 |  7- 9 | 10-12 || total
---------------------------+-------+-------+-------+-------++-------
  Melee: Flail             |   130 |   216 |   551 |    51 ||   948
         Tailslap          |     8 |    24 |    66 |   129 ||   227
         Mace              |       |       |       |   498 ||   498
         Dire flail        |       |       |       |   171 ||   171
  Throw: Dart              |       |       |    21 |    44 ||    65
         Boomerang         |       |       |       |     7 ||     7
 Invoke: Potion Petition   |       |       |       |     2 ||     2
  Evoke: Wand              |       |       |     4 |     8 ||    12
    Use: Scroll            |     3 |     7 |     4 |    12 ||    26
         Potion            |       |     1 |     9 |     4 ||    14
   Stab: Distracted        |       |       |       |     1 ||     1
 Armour: Scale mail        |    72 |    35 |       |       ||   107
         Chain mail        |       |    70 |   276 |   415 ||   761
         Skin              |       |       |    21 |       ||    21
  Dodge: Dodged            |    52 |    50 |   127 |   162 ||   391
         Repelled          |       |     1 |     1 |     3 ||     5
  Block: Buckler           |    22 |    46 |    92 |   107 ||   267

Table legend: (Time is in decaauts)
 A = Elapsed time spent in this place.
 B = Non-inter-level travel time spent in this place.
 C = Inter-level travel time spent in this place.
 D = Time resting spent in this place.
 E = Time spent auto-exploring this place.
 F = Levels seen in this place.
 G = Mean time per level.
                   A        B        C        D        E       F      G
               +--------+--------+--------+--------+--------+-----+--------+
         Total |  17754 |  16766 |    988 |   5175 |   8074 |  15 | 1183.6 |
       Dungeon |  15733 |  14786 |    947 |   4435 |   7395 |  11 | 1430.3 |
        Temple |     22 |     13 |      9 |      0 |      4 |   1 |   22.0 |
          Lair |    975 |    960 |     15 |    471 |    198 |   1 |  975.0 |
  Orcish Mines |   1023 |   1007 |     16 |    269 |    477 |   2 |  511.5 |
               +--------+--------+--------+--------+--------+-----+--------+

Top non-repeatable levels by time:
     D:5: 2176 daAuts
     D:8: 2059 daAuts
    D:10: 1845 daAuts
     D:6: 1778 daAuts
     D:3: 1594 daAuts
     D:4: 1252 daAuts
     D:2: 1129 daAuts
     D:9: 1124 daAuts
     D:7: 993 daAuts
  Lair:1: 975 daAuts
    D:11: 946 daAuts
   Orc:1: 945 daAuts
     D:1: 833 daAuts
   Orc:2: 77 daAuts
  Temple: 22 daAuts
